 Dungeon Crawl Stone Soup version 0.22.0-38-g04b72b8c25 (webtiles) character file.

32172 LLavrengius the Grappler (level 13, -1/100 HPs)
             Began as a Gnoll Transmuter on Aug 26, 2018.
             Was the Champion of Cheibriados.
             Slain by a death yak (29 damage)
             ... on level 2 of the Lair of Beasts on Aug 27, 2018.
             The game lasted 01:54:48 (17121 turns).

LLavrengius the Grappler (Gnoll Transmuter)        Turns: 17121, Time: 01:54:49

Health: -1/100     AC:  2    Str: 32    XL:     13   Next: 62%
Magic:  26/26      EV: 50    Int: 31    God:    Cheibriados [******]
Gold:   738        SH:  0    Dex: 36    Spells: 10/31 levels left

rFire    . . .     SeeInvis .     - Unarmed
rCold    . . .     Gourm    .   (shield currently unavailable)
rNeg     . . .     Faith    .   (armour currently unavailable)
rPois    x         Spirit   .   (helmet currently unavailable)
rElec    .         Reflect  .   (cloak currently unavailable)
rCorr    .         Harm     .   (gloves currently unavailable)
MR       +....                  (boots currently unavailable)
Stlth    +++++.....             C - amulet of the acrobat
HPRegen  0.26/turn              k - ring of wizardry
MPRegen  0.20/turn              z - ring of protection from magic

@: spider-form, very slow
A: tiny, distributed training, strong nose
a: End Transformation, Bend Time, Temporal Distortion, Slouch, Step From Time,
Renounce Religion


You were on level 2 of the Lair of Beasts.
You worshipped Cheibriados.
Cheibriados was exalted by your worship.
You were not hungry.
You were a venomous arachnid creature.
You visited 3 branches of the dungeon, and saw 16 of its levels.
You also visited: Ice Cave.

You collected 1109 gold pieces.
You spent 371 gold pieces at shops.

Inventory:

Hand Weapons
 p - a +2 trident of venom
 s - a +0 hunting sling of venom (melded)
 B - a +2 morningstar of holy wrath
 P - a +0 blowgun
Missiles
 a - 322 arrows
 D - 31 poisoned needles
 E - 63 sling bullets
 O - 7 throwing nets (quivered)
 W - 47 bolts
Armour
 b - the +0 scale mail "Ryupp" {+Inv rC+}
   (You found it on level 4 of the Dungeon)

   It protects you from cold.
   It lets you turn invisible.
 G - a +1 cloak (melded)
 L - the +1 leather armour of Okawaru's Condemnation (melded) {MR+}
   (You found it on level 7 of the Dungeon)

   It affects your resistance to hostile enchantments.
 Z - a +2 pair of gloves (melded)
Magical Staves
 J - an uncursed staff of cold
Jewellery
 f - an uncursed ring of ice
 g - an uncursed ring of resist corrosion
 k - a ring of wizardry (left front leg)
 y - a +2 ring of intelligence
 z - a ring of protection from magic (right front leg)
 C - an amulet of the acrobat (around neck)
 N - an uncursed ring of magical power
 T - an uncursed amulet of the gourmand {unknown}
Wands
 e - a wand of flame (16)
 q - a wand of disintegration (34)
 v - a wand of polymorph (13)
 M - a wand of enslavement (7)
 Y - a wand of acid (15)
Scrolls
 i - 8 scrolls of enchant armour
 j - 7 scrolls of teleportation
 l - 3 scrolls of fear
 o - 2 scrolls of blinking
 u - 4 scrolls of immolation
 w - 2 scrolls of fog
 x - a scroll of enchant weapon
 F - a scroll of holy word {unknown}
 K - a scroll of silence
 Q - 3 scrolls of remove curse
 S - a scroll of summoning
 V - 2 scrolls of amnesia
Potions
 c - 10 potions of curing
 h - a potion of ambrosia {unknown}
 m - a potion of invisibility
 n - 3 potions of cancellation
 r - a potion of agility
 t - 5 potions of heal wounds
 A - 4 potions of magic
 H - 2 potions of brilliance
 I - 2 potions of lignification
 R - 4 potions of flight
 U - 2 potions of might
Comestibles
 d - 31 rations


   Skills:
 + Level 8.8 Fighting
 + Level 8.3 Short Blades
 + Level 8.3 Long Blades
 + Level 8.3 Axes
 + Level 8.3 Maces & Flails
 + Level 8.3 Polearms
 + Level 8.3 Staves
 + Level 8.3 Slings
 + Level 8.3 Bows
 + Level 8.3 Crossbows
 + Level 8.3 Throwing
 + Level 8.3 Armour
 + Level 9.5 Dodging
 + Level 8.3 Stealth
 + Level 8.3 Shields
 + Level 10.5 Unarmed Combat
 + Level 9.7 Spellcasting
 + Level 6.9 Conjurations
 + Level 6.9 Hexes
 + Level 6.9 Charms
 + Level 6.9 Summonings
 + Level 6.9 Necromancy
 + Level 6.9 Translocations
 + Level 8.0 Transmutations
 + Level 6.9 Fire Magic
 + Level 6.9 Ice Magic
 + Level 6.9 Air Magic
 + Level 6.9 Earth Magic
 + Level 6.9 Poison Magic
 + Level 9.1 Invocations
 + Level 8.3 Evocations


You had 10 spell levels left.
You knew the following spells:

 Your Spells              Type           Power        Failure   Level  Hunger
a - Beastly Appendage     Tmut           ######       1%          1    None
b - Sticks to Snakes      Tmut           ######..     1%          2    None
c - Spider Form           Tmut/Pois      ######....   1%          3    None
d - Ice Form              Ice/Tmut       ######..     2%          4    None
e - Ozocubu's Armour      Chrm/Ice       ######..     1%          3    None
f - Summon Lightning Spi  Summ/Air       ######..     3%          4    None
g - Throw Icicle          Conj/Ice       ######..     3%          4    None

Your spell library contained the following spells:

 Spells                   Type           Power        Failure   Level  Hunger
 Confusing Touch          Hex            ######       1%          1    None
 Freeze                   Ice            ####         1%          1    None
 Shock                    Conj/Air       ####         1%          1    None
 Summon Small Mammal      Summ           ####         1%          1    None
 Call Imp                 Summ           ######..     1%          2    None
 Swiftness                Chrm/Air       ######..     1%          2    None
 Throw Frost              Conj/Ice       ######       1%          2    None
 Call Canine Familiar     Summ           ######..     1%          3    None
 Confuse                  Hex            ######..     1%          3    None
 Gell's Gravitas          Tloc           ######....   1%          3    None
 Static Discharge         Conj/Air       ######..     1%          3    None
 Summon Guardian Golem    Hex/Summ       ######..     1%          3    None
 Petrify                  Tmut/Erth      ######..     2%          4    None
 Airstrike                Air            ######....   3%          4    None
 Summon Ice Beast         Ice/Summ       ######..     3%          4    None
 Blade Hands              Tmut           ######....   4%          5    ###....
 Yara's Violent Unravell  Hex/Tmut       ######....   5%          5    ###....
 Lightning Bolt           Conj/Air       ######....   6%          5    ###....
 Metabolic Englaciation   Hex/Ice        ######....   6%          5    ###....
 Bolt of Cold             Conj/Ice       ######....   24%         6    #####..
 Freezing Cloud           Conj/Ice/Air   ######....   24%         6    #####..
 Ozocubu's Refrigeration  Ice            ######....   24%         6    #####..
 Simulacrum               Ice/Necr       ######....   24%         6    #####..


Dungeon Overview and Level Annotations

Branches:
Dungeon (13/15)            Temple (1/1) D:7            Lair (2/6) D:11
    Orc (0/2) D:9
  Swamp: Lair:2-4    Shoals: Lair:2-4     Snake: Lair:2-4    Spider: Lair:2-4
 Vaults: D:13-14

Altars:
Ashenzari
Cheibriados
Dithmenos
Elyvilon
Fedhas
Gozag
Hepliaklqana
Kikubaaqudgha
Makhleb
Nemelex Xobeh
Okawaru
Qazlal
Ru
Sif Muna
Trog
Uskayaw
Vehumet
Wu Jian
Xom
Yredelemnul
Zin
The Shining One

Shops:
D:7 ?   D:8 ?   D:9 (   D:11 %   D:12 (

Annotations:
D:6 2 transporters, spiegeleixxl's ghost, novice TrBe
D:8 1 runed door, mmigdal's ghost, novice DsAK
D:13 1 runed door, Waik's ghost, journeyman MfGl


Innate Abilities, Weirdness & Mutations

Your experience applies equally to all skills.
((You have very sharp teeth.))
Your uncanny sense of smell can sniff out nearby items.


Message History

The death yak looks as sick as possible!
The death yak is almost dead.
The death yak barely misses you.
You hit the death yak but do no damage.
The death yak looks as sick as possible!
The death yak is almost dead.
The death yak gores you!!
* * * LOW HITPOINT WARNING * * *
The death yak closely misses you.
Okay, then.
The death yak completely misses you. x3; The death yak closely misses you.
The death yak closely misses you. The death yak completely misses you.
You kill the death yak!
Cheibriados appreciates the change of pace.
The death yak completely misses you. The death yak completely misses you.
The death yak barely misses you. The death yak completely misses you.
The death yak gores you!!
You die...

................................#
................>....#####.....##
.....###....#......#.######......
P....####.#.##....##......+....##
.....##...........#..............
#.... #.....P#....##......#....P.
.... #.....##......!....##.....#
#.#..####....##.....##....##
...#######..s.P.#P...#.....P# ...
.......Y.PP##..+#....... ...
........................
........................
.(......................
........................
........................
.......<.............P..
...#....#......#.....##.


You could see a death yak.

Vanquished Creatures
  Frances (D:12)
  Harold (D:9)
  A centaur warrior (D:13)
  2 two-headed ogres
  3 death yaks
  2 unseen horrors
  Pikel (D:9)
  4 ugly things
  A deep elf mage (D:12)
  A black mamba (Lair:2)
  3 ice statues (IceCv)
  Psyche (D:8)
  2 spiny frogs (Lair:1)
  4 torpor snails (Lair:1)
  A gargoyle (D:13)
  A rime drake (Lair:2)
  5 komodo dragons
  An efreet (D:13)
  A tengu conjurer (D:11)
  A meliai (D:11)
  A polar bear (Lair:2)
  Grinder (D:3)
  7 blink frogs (Lair:1)
  6 slime creatures (D:12)
  3 hippogriffs
  A hornet (D:10)
  A shadow (D:11)
  2 wyverns
  18 yaks
  2 hogs (D:7)
  A human (D:7)
  2 hungry ghosts
  Edmund (D:4)
  5 water moccasins
  5 porcupines
  10 ice beasts
  10 orc warriors
  A sky beast (D:8)
  5 ogres
  2 black bears
  2 necrophages
  A phantom (D:11)
  6 wolves (Lair:1)
  6 crocodiles
  7 centaurs
  11 bullfrogs
  A gnoll sergeant (D:10)
  A wyvern skeleton (D:13)
  7 scorpions
  4 wights
  A howler monkey (D:12)
  4 bullfrog zombies
  2 quasits
  A centaur zombie (D:5)
  4 crimson imps
  3 hounds
  5 jellies
  10 orc priests
  Crazy Yiuf (D:5)
  3 bullfrog skeletons
  3 centaur skeletons
  11 iguanas
  18 orc wizards
  Natasha (thrice) (D:3)
  14 worker ants
  A hound zombie (D:5)
  A hound skeleton (D:5)
  7 gnolls
  14 adders
  2 shadow imps
  12 white imps (D:11)
  An ooze (D:5)
  2 adder zombies
  An adder skeleton (D:7)
  4 worms
  A dart slug (D:1)
  4 leopard geckos
  49 orcs
  4 giant cockroaches
  3 hobgoblins
  9 jackals
  3 quokkas
  2 ball pythons
  6 bats
  3 frilled lizards
  8 goblins
  A jackal skeleton (D:8)
  9 kobolds
  A quokka skeleton (D:8)
  4 rats
  A fungus (D:5)
  A plant (Lair:1)
404 creatures vanquished.

Vanquished Creatures (collateral kills)
  A troll (D:12)
  A hornet (D:8)
  2 yaks (D:12)
  A basilisk (D:12)
  An orc wizard (D:9)
  An adder (D:2)
  11 orcs (D:9)
18 creatures vanquished.

Vanquished Creatures (others)
  A fungus (D:13)
  11 plants
12 creatures vanquished.

Grand Total: 434 creatures vanquished

Notes
Turn   | Place    | Note
-------+----------+-------------------------------------------
     0 | D:1      | LLavrengius the Gnoll Transmuter began the quest for the Orb.
     0 | D:1      | Reached XP level 1. HP: 17/17 MP: 6/6
   328 | D:1      | Reached XP level 2. HP: 23/23 MP: 5/7
   913 | D:2      | Learned a level 2 spell: Sticks to Snakes
   920 | D:2      | Reached skill level 5 in Spellcasting
   920 | D:2      | Reached XP level 3. HP: 28/28 MP: 2/9
  1040 | D:2      | Reached skill level 1 in Invocations
  1334 | D:2      | Reached skill level 1 in Short Blades
  1334 | D:2      | Reached skill level 1 in Long Blades
  1334 | D:2      | Reached skill level 1 in Axes
  1334 | D:2      | Reached skill level 1 in Maces & Flails
  1334 | D:2      | Reached skill level 1 in Polearms
  1334 | D:2      | Reached skill level 1 in Staves
  1334 | D:2      | Reached skill level 1 in Slings
  1334 | D:2      | Reached skill level 1 in Bows
  1334 | D:2      | Reached skill level 1 in Crossbows
  1334 | D:2      | Reached skill level 1 in Throwing
  1334 | D:2      | Reached skill level 1 in Armour
  1334 | D:2      | Reached skill level 1 in Stealth
  1334 | D:2      | Reached skill level 1 in Shields
  1334 | D:2      | Reached skill level 1 in Evocations
  1336 | D:2      | Reached XP level 4. HP: 32/34 MP: 9/11
  1351 | D:2      | Learned a level 3 spell: Spider Form
  1356 | D:2      | Learned a level 4 spell: Ice Form
  1787 | D:3      | Reached skill level 1 in Conjurations
  1787 | D:3      | Reached skill level 1 in Hexes
  1787 | D:3      | Reached skill level 1 in Charms
  1787 | D:3      | Reached skill level 1 in Summonings
  1787 | D:3      | Reached skill level 1 in Necromancy
  1787 | D:3      | Reached skill level 1 in Translocations
  1787 | D:3      | Reached skill level 1 in Fire Magic
  1787 | D:3      | Reached skill level 1 in Ice Magic
  1787 | D:3      | Reached skill level 1 in Air Magic
  1787 | D:3      | Reached skill level 1 in Earth Magic
  1787 | D:3      | Reached skill level 1 in Poison Magic
  1787 | D:3      | Reached XP level 5. HP: 12/40 MP: 12/12
  2072 | D:3      | Found a stormy altar of Qazlal.
  2077 | D:3      | Noticed Natasha
  2087 | D:3      | Killed Natasha
  2177 | D:3      | You fall through a shaft!
  2195 | D:4      | Reached XP level 6. HP: 27/47 MP: 5/13
  2478 | D:4      | Reached skill level 5 in Dodging
  2519 | D:3      | Found a glowing golden altar of the Shining One.
  2520 | D:3      | Noticed Natasha
  2527 | D:3      | Found a white marble altar of Elyvilon.
  2528 | D:3      | Found a burning altar of Makhleb.
  2537 | D:3      | Killed Natasha
  2604 | D:3      | Noticed Grinder
  2620 | D:3      | Killed Grinder
  2620 | D:3      | Reached skill level 7 in Unarmed Combat
  2620 | D:3      | Reached XP level 7. HP: 27/52 MP: 12/15
  2927 | D:3      | Found a shadowy altar of Dithmenos.
  2947 | D:3      | Noticed Natasha
  2959 | D:3      | Killed Natasha
  3346 | D:4      | Noticed Edmund
  3361 | D:4      | Killed Edmund
  3701 | D:4      | Got a smoking scale mail
  3712 | D:4      | Identified the cursed +0 scale mail "Ryupp" {+Inv rC+} (You found it on level 4 of the Dungeon)
  3734 | D:4      | Found a hide-covered altar of Uskayaw.
  3758 | D:4      | Reached XP level 8. HP: 56/60 MP: 12/16
  3838 | D:4      | Found a stormy altar of Qazlal.
  4107 | D:4      | Found an ancient bone altar of Kikubaaqudgha.
  4313 | D:5      | Entered Level 5 of the Dungeon
  5284 | D:5      | Found a runed door.
  5288 | D:5      | Noticed Crazy Yiuf
  5294 | D:5      | Killed Crazy Yiuf
  5506 | D:6      | Found a transporter.
  5576 | D:6      | Found an iron altar of Okawaru.
  5602 | D:6      | Found a transporter.
  5609 | D:6      | Noticed spiegeleixxl's ghost (novice TrBe)
  5680 | D:6      | Reached XP level 9. HP: 66/66 MP: 15/18
  5739 | D:6      | Reached skill level 5 in Transmutations
  6090 | D:6      | Learned a level 3 spell: Ozocubu's Armour
  6369 | D:7      | Reached skill level 5 in Fighting
  6818 | D:7      | Found a staircase to the Ecumenical Temple.
  6889 | D:7      | Got a distressingly furry leather armour
  6894 | Temple   | Entered the Ecumenical Temple
  6909 | Temple   | Identified the +1 leather armour of Okawaru's Condemnation {MR+} (You found it on level 7 of the Dungeon)
  7211 | Temple   | Became a worshipper of Cheibriados the Contemplative
  7366 | D:7      | Found Deekludghoa's Magic Scroll Emporium.
  7374 | D:7      | Bought a scroll of magic mapping for 38 gold pieces
  7374 | D:7      | Bought a scroll of enchant weapon for 82 gold pieces
  7374 | D:7      | Bought a scroll of silence for 82 gold pieces
  7403 | D:7      | Learned a level 4 spell: Summon Lightning Spire
  7408 | D:7      | Learned a level 4 spell: Throw Icicle
  7415 | D:7      | Reached skill level 8 in Unarmed Combat
  7419 | D:7      | Reached skill level 5 in Invocations
  7425 | D:7      | Reached XP level 10. HP: 72/74 MP: 6/20
  7727 | D:8      | Noticed a two-headed ogre
  7753 | D:8      | Noticed Psyche
  7767 | D:8      | Killed Psyche
  7910 | D:8      | Reached skill level 5 in Short Blades
  7910 | D:8      | Reached skill level 5 in Long Blades
  7910 | D:8      | Reached skill level 5 in Axes
  7910 | D:8      | Reached skill level 5 in Maces & Flails
  7910 | D:8      | Reached skill level 5 in Polearms
  7910 | D:8      | Reached skill level 5 in Staves
  7910 | D:8      | Reached skill level 5 in Slings
  7910 | D:8      | Reached skill level 5 in Bows
  7910 | D:8      | Reached skill level 5 in Crossbows
  7910 | D:8      | Reached skill level 5 in Throwing
  7910 | D:8      | Reached skill level 5 in Armour
  7910 | D:8      | Reached skill level 5 in Stealth
  7910 | D:8      | Reached skill level 5 in Shields
  7910 | D:8      | Reached skill level 5 in Evocations
  7921 | D:8      | Killed a two-headed ogre
  8138 | D:8      | Reached * piety under Cheibriados
  8377 | D:8      | Found a runed door.
  8377 | D:8      | Noticed mmigdal's ghost (novice DsAK)
  8907 | D:8      | Found Etobia's Magic Scroll Shoppe.
  8910 | D:8      | Bought a scroll of summoning for 123 gold pieces
  8910 | D:8      | Bought a scroll of noise for 13 gold pieces
  9313 | D:9      | Noticed Harold
  9342 | D:9      | Reached ** piety under Cheibriados
  9375 | D:9      | Killed Harold
  9482 | D:9      | Found a staircase to the Orcish Mines.
  9536 | D:9      | Reached XP level 11. HP: 79/82 MP: 20/22
  9665 | D:9      | Found Aheot's Antique Weapon Boutique.
  9727 | D:9      | Noticed Pikel
  9746 | D:9      | Killed Pikel
  9746 | D:9      | Reached *** piety under Cheibriados
 10017 | D:10     | Entered Level 10 of the Dungeon
 10029 | D:10     | Reached skill level 9 in Unarmed Combat
 10064 | D:10     | Killed an unseen horror
 10064 | D:10     | Reached skill level 5 in Conjurations
 10064 | D:10     | Reached skill level 5 in Hexes
 10064 | D:10     | Reached skill level 5 in Charms
 10064 | D:10     | Reached skill level 5 in Summonings
 10064 | D:10     | Reached skill level 5 in Necromancy
 10064 | D:10     | Reached skill level 5 in Translocations
 10064 | D:10     | Reached skill level 5 in Fire Magic
 10064 | D:10     | Reached skill level 5 in Ice Magic
 10064 | D:10     | Reached skill level 5 in Air Magic
 10064 | D:10     | Reached skill level 5 in Earth Magic
 10064 | D:10     | Reached skill level 5 in Poison Magic
 10671 | D:10     | Reached **** piety under Cheibriados
 11096 | D:11     | Found a frozen archway.
 11109 | IceCv    | Entered an ice cave
 11151 | IceCv    | Noticed a white ugly thing
 11177 | IceCv    | Killed a white ugly thing
 11199 | IceCv    | Noticed a white ugly thing
 11349 | IceCv    | Killed a white ugly thing
 11485 | D:11     | Reached ***** piety under Cheibriados
 11526 | D:11     | Found a labyrinth entrance.
 11561 | D:11     | Found Xauluoho's Food Shoppe.
 11688 | D:7      | Bought a scroll of remove curse for 33 gold pieces
 11861 | D:11     | Reached XP level 12. HP: 90/90 MP: 22/24
 11870 | D:11     | Found a staircase to the Lair.
 13073 | D:12     | Found Pottig's Antique Weapon Emporium.
 13493 | D:12     | Noticed Frances
 13507 | D:12     | Killed Frances
 14346 | D:13     | Found a runed door.
 14348 | D:13     | Noticed Waik's ghost (journeyman MfGl)
 14579 | D:13     | Noticed a two-headed ogre
 14586 | D:13     | Killed a two-headed ogre
 14586 | D:13     | Reached skill level 10 in Unarmed Combat
 14706 | D:13     | Reached ****** piety under Cheibriados
 14788 | D:13     | Noticed a centaur warrior
 14792 | D:13     | Killed a centaur warrior
 14792 | D:13     | Reached XP level 13. HP: 98/98 MP: 26/26
 15067 | D:13     | Noticed a fire dragon
 15068 | D:13     | Found the ring of Robustness {AC+8}
 15068 | D:13     | Noticed an ogre mage
 15160 | Lair:1   | Entered Level 1 of the Lair of Beasts
 16043 | Lair:1   | Found a snail-covered altar of Cheibriados.
 17121 | Lair:2   | Slain by a death yak

Skill      XL: |  1  2  3  4  5  6  7  8  9 10 11 12 13 |
---------------+----------------------------------------+-----
Spellcasting   | 5 6 7 8 9 |  9.7
Invocations    | 1 2 3 4 5 6 7 8 9 |  9.1
Short Blades   | 1 2 3 4 5 6 7 8 |  8.3
Long Blades    | 1 2 3 4 5 6 7 8 |  8.3
Axes           | 1 2 3 4 5 6 7 8 |  8.3
Maces & Flails | 1 2 3 4 5 6 7 8 |  8.3
Polearms       | 1 2 3 4 5 6 7 8 |  8.3
Staves         | 1 2 3 4 5 6 7 8 |  8.3
Slings         | 1 2 3 4 5 6 7 8 |  8.3
Bows           | 1 2 3 4 5 6 7 8 |  8.3
Crossbows      | 1 2 3 4 5 6 7 8 |  8.3
Throwing       | 1 2 3 4 5 6 7 8 |  8.3
Armour         | 1 2 3 4 5 6 7 8 |  8.3
Stealth        | 1 2 3 4 5 6 7 8 |  8.3
Shields        | 1 2 3 4 5 6 7 8 |  8.3
Evocations     | 1 2 3 4 5 6 7 8 |  8.3
Conjurations   | 1 2 3 4 5 6 |  6.9
Hexes          | 1 2 3 4 5 6 |  6.9
Charms         | 1 2 3 4 5 6 |  6.9
Summonings     | 1 2 3 4 5 6 |  6.9
Necromancy     | 1 2 3 4 5 6 |  6.9
Translocations | 1 2 3 4 5 6 |  6.9
Fire Magic     | 1 2 3 4 5 6 |  6.9
Ice Magic      | 1 2 3 4 5 6 |  6.9
Air Magic      | 1 2 3 4 5 6 |  6.9
Earth Magic    | 1 2 3 4 5 6 |  6.9
Poison Magic   | 1 2 3 4 5 6 |  6.9
Fighting       | 3 4 5 6 7 8 |  8.8
Transmutations | 4 5 6 7 8 |  8.0
Dodging        | 5 6 7 8 9 |  9.5
Unarmed Combat | 7 8 9 10 | 10.5

Action                   |  1- 3 |  4- 6 |  7- 9 | 10-12 | 13-15 || total
-------------------------+-------+-------+-------+-------+-------++-------
Melee: Unarmed           |    77 |   106 |   301 |   595 |   148 ||  1227
       Bite              |     5 |     4 |     4 |     5 |       ||    18
       Kick              |     2 |       |       |     1 |       ||     3
       Headbutt          |     1 |     1 |     1 |       |       ||     3
       Punch             |     1 |       |     1 |       |       ||     2
       Staff             |       |       |       |    13 |       ||    13
       Hunting sling     |       |       |       |     1 |       ||     1
 Fire: Hunting sling     |       |       |       |    32 |    94 ||   126
Throw: Stone             |     2 |     3 |     7 |     1 |       ||    13
 Cast: Beastly Appendage |     5 |     2 |     1 |     4 |       ||    12
       Sticks to Snakes  |     4 |       |       |     5 |     2 ||    11
       Spider Form       |       |     9 |    43 |    64 |    17 ||   133
       Throw Icicle      |       |       |     1 |     6 |       ||     7
       Summon Lightning  |       |       |     1 |     4 |       ||     5
       Ozocubu's Armour  |       |       |     1 |    11 |     8 ||    20
       Ice Form          |       |       |     1 |     8 |     3 ||    12
Invok: Slouch            |       |       |       |     1 |       ||     1
  Use: Scroll            |       |       |    14 |    11 |     2 ||    27
       Potion            |       |       |       |     1 |       ||     1
 Stab: Sleeping          |     2 |     1 |     4 |    12 |     2 ||    21
       Distracted        |       |       |     1 |     3 |     1 ||     5
  Eat: Chunk             |     1 |     5 |    18 |    14 |     4 ||    42
       Ration            |       |       |       |     1 |       ||     1
Armor: Robe              |    10 |     2 |       |       |       ||    12
       Skin              |       |     3 |     6 |    71 |    22 ||   102
       Scale mail        |       |       |     3 |       |       ||     3
       Leather armour    |       |       |       |     5 |       ||     5
Dodge: Dodged            |    66 |    83 |   213 |   736 |   197 ||  1295
